 Dungeon Crawl Stone Soup version 0.27-a0-1331-g60ef6b6952 (webtiles) character file.

Game seed: 4543290669147444620

416 Nattfarinn the Grave Robber (level 6, -1/52 HPs)
             Began as a Hill Orc Necromancer on June 25, 2021.
             Slain by Pikel (5 damage)
             ... while paralysed by Pikel
             ... on level 5 of the Dungeon.
             The game lasted 00:11:11 (5400 turns).

Nattfarinn the Grave Robber (Hill Orc Necromancer)  Turns: 5400, Time: 00:11:12

Health: -1/52      AC:  6    Str: 11    XL:     6   Next: 92%
Magic:  3/8        EV:  2    Int: 17    God:
Gold:   164        SH:  0    Dex: 17    Spells: 4/8 levels left

rFire    . . .     SeeInvis .   u - +2 whip (elec)
rCold    . . .     Faith    .   (no shield)
rNeg     . . .     Spirit   .   a - +0 robe
rPois    .         Reflect  .   m - +0 helmet
rElec    .         Harm     .   (no cloak)
rCorr    .         Rampage  .   (no gloves)
Will     .....                  p - +2 pair of boots
Stlth    ++........             o - amulet of magic regeneration
HPRegen  0.17/turn              l - +4 ring of evasion
MPRegen  0.36/turn              k - +6 ring of dexterity

@: paralysed
A: no striking features
a: no special abilities


You were on level 5 of the Dungeon.
You visited 1 branch of the dungeon, and saw 5 of its levels.

You collected 164 gold pieces.

Inventory:

Hand Weapons
 c - a +0 dagger
 u - a +2 whip of electrocution (weapon)
Missiles
 v - 5 silver boomerangs
Armour
 a - a +0 robe (worn)
 m - a +0 helmet (worn)
 p - a +2 pair of boots (worn)
Jewellery
 h - a ring of willpower
 k - a +6 ring of dexterity (right hand)
 l - a +4 ring of evasion (left hand)
 o - an amulet of magic regeneration (around neck)
 w - a ring of flight
 x - a +6 ring of intelligence
Wands
 t - a wand of flame (17)
Scrolls
 s - a scroll of holy word
Potions
 b - 3 potions of brilliance {unknown}
 d - 3 potions of ambrosia {unknown}
 e - a potion of degeneration {unknown}
 f - 3 potions of curing {unknown}
 g - 2 potions of invisibility {unknown}
 j - a potion of magic {unknown}
 n - a potion of flight {unknown}
 z - a potion of haste {unknown}


   Skills:
 - Level 3.6 Fighting
 + Level 3.4 Maces & Flails
 - Level 3.2 Armour
 - Level 1.5 Dodging
 - Level 1.5 Stealth
 - Level 1.5 Spellcasting
 - Level 5.5 Necromancy


You had 4 spell levels left.
You knew the following spells:

 Your Spells              Type           Power      Damage    Failure   Level
a - Pain                  Necr           80%        1d8       2%          1
b - Vampiric Draining     Necr           10%        2d7       6%          3

Your spell library contained the following spells:

 Spells                   Type           Power      Damage    Failure   Level
 Animate Skeleton         Necr           40%        N/A       2%          1
 Animate Dead             Necr           10%        N/A       22%         4
 Agony                    Necr           20%        N/A       52%         5


Dungeon Overview and Level Annotations

Branches:
Dungeon (5/15)
 Temple: D:4-7

Altars:
Dithmenos
Xom
The Shining One

Annotations:
D:3 2 runed translucent doors, xsansara's ghost, amateur HOBe
D:5 Menkaure; Pikel


Message History

You kill the adder!
You feel life coursing into your body.
You feel sick.
The centaur shoots an arrow.
The arrow hits you!
You hear a shout!
You don't have enough magic to cast this spell.
Unknown command.
You closely miss Pikel.
You feel sick.
Pikel hits you with a +0 whip of flaming.
Pikel burns you.
You barely miss Pikel.
You feel sick. Pikel misses you.
You draw life force from Pikel.
You feel life coursing into your body.
You feel sick.
Pikel zaps a wand.
You resist with some effort.
A lemure comes into view.
You barely miss Pikel.
Pikel is lightly wounded.
You feel sick.
Pikel zaps a wand.
You suddenly lose the ability to move!
You feel sick.
You are no longer poisoned.
Pikel hits you with a +0 whip of flaming.
Pikel burns you.
Pikel hits you with a +0 whip of flaming!
Pikel burns you.
* * * LOW HITPOINT WARNING * * *
Pikel hits you with a +0 whip of flaming.
* * * LOW HITPOINT WARNING * * *
Pikel burns you.
* * * LOW HITPOINT WARNING * * *
Pikel hits you with a +0 whip of flaming!
* * * LOW HITPOINT WARNING * * *
Pikel burns you.
* * * LOW HITPOINT WARNING * * *
Pikel hits you but does no damage.
Pikel zaps a wand.
You shrug off the repeated paralysis!
Pikel hits you with a +0 whip of flaming.
You die...

#######.##[..###########
#.###### #####.##
#......# #......#
#......# #......#
#......# #####@## #K#
..5K..5cw..S...
#.5c###5####... #. ...
... :.... ..... ###.###


You could see Pikel, 2 lemures, a centaur and a worm.

Vanquished Creatures
  A black bear (D:4)
  Blork the orc (D:4)
  A scorpion (D:4)
  An orc wizard (D:4)
  Robin (D:3)
  3 gnolls (D:5)
  6 adders
  A worm (D:4)
  8 orcs
  8 ball pythons
  5 endoplasms
  A giant cockroach (D:1)
  13 goblins
  5 hobgoblins
  2 jackals (D:1)
  2 quokkas
  3 bats
  A frilled lizard (D:3)
  8 kobolds
  4 rats
75 creatures vanquished.

Notes
Turn   | Place    | Note
-------+----------+-------------------------------------------
     0 | D:1      | Nattfarinn the Hill Orc Necromancer began the quest for the
                  | Orb.
     0 | D:1      | Reached XP level 1. HP: 14/14 MP: 3/3
   517 | D:1      | Reached skill level 1 in Fighting
   528 | D:1      | Reached skill level 1 in Armour
   660 | D:1      | Reached XP level 2. HP: 21/23 MP: 2/4
  1190 | D:2      | Found a shimmering altar of Xom.
  1210 | D:2      | Reached XP level 3. HP: 25/29 MP: 0/5
  2212 | D:3      | Found a runed translucent door.
  2224 | D:3      | Noticed xsansara's ghost (amateur HOBe)
  2224 | D:3      | Noticed a bullfrog
  2278 | D:3      | Noticed Robin
  2441 | D:3      | Killed Robin
  2442 | D:3      | Reached XP level 4. HP: 12/37 MP: 0/6
  2672 | D:3      | Found a runed translucent door.
  3482 | D:3      | Reached XP level 5. HP: 44/46 MP: 4/7
  3866 | D:4      | Noticed Blork the orc
  3882 | D:4      | Killed Blork the orc
  4114 | D:4      | Learned a level 3 spell: Vampiric Draining
  4156 | D:4      | Reached skill level 5 in Necromancy
  4156 | D:4      | Reached XP level 6. HP: 50/52 MP: 3/8
  4531 | D:4      | Found a shadowy altar of Dithmenos.
  4689 | D:4      | Noticed a black bear
  4701 | D:4      | Killed a black bear
  4978 | D:4      | Found a glowing golden altar of the Shining One.
  5032 | D:5      | Entered Level 5 of the Dungeon
  5032 | D:5      | Noticed an ice beast
  5037 | D:5      | Noticed Menkaure
  5382 | D:5      | Noticed Pikel
  5393 | D:5      | Paralysed by Pikel for 7 turns
  5400 | D:5      | Slain by Pikel

Illustrated notes

Levels and vault maps discovered:
D:1:      noname_arrival_rooms_in_the_neighbourhood, layout_rooms
D:2:      layout_basic, basic_altar
D:3:      layout_loops_ring, ebering_ghost_sewer_f, uniq_robin
D:4:      layout_loops_cross, marbit_many_paths, lemuel_round_altar,
          nrook_campfire, kennysheep_small_spiral, minivault_23,
          uniq_blork_the_orc
D:5:      layout_basic, nicolae_ru_sacrificial_ziggurat,
          gammafunk_temple_overflow_forgotten, uniq_prince_ribbit1, uniq_pikel,
          uniq_menkaure, uniq_ijyb

Skill      XL: |  1  2  3  4  5  6 |
---------------+-------------------+-----
Fighting       | 1 2 3 |  3.6
Armour         | 1 2 3 |  3.2
Necromancy     | 5 |  5.5
Maces & Flails | 3 |  3.4
Dodging        | |  1.5
Stealth        | |  1.5
Spellcasting   | |  1.5

Action                   |  1- 3 |  4- 6 || total
-------------------------+-------+-------++-------
Melee: Dagger            |    60 |    30 ||    90
       Whip              |       |    44 ||    44
 Cast: Pain              |    60 |    52 ||   112
       Vampiric Draining |       |    14 ||    14
  Use: Scroll            |       |     6 ||     6
 Stab: Sleeping          |       |     2 ||     2
Armor: Robe              |    16 |    18 ||    34
Dodge: Dodged            |    41 |    61 ||   102

Table legend: (Time is in decaauts)
 A = Elapsed time spent in this place.
 B = Non-inter-level travel time spent in this place.
 C = Inter-level travel time spent in this place.
 D = Time resting spent in this place.
 E = Time spent auto-exploring this place.
 F = Levels seen in this place.
 G = Mean time per level.
                   A        B        C        D        E       F      G
               +--------+--------+--------+--------+--------+-----+--------+
         Total |   5397 |   5198 |    199 |   1693 |   2819 |   5 | 1079.4 |
       Dungeon |   5397 |   5198 |    199 |   1693 |   2819 |   5 | 1079.4 |
               +--------+--------+--------+--------+--------+-----+--------+

Top non-repeatable levels by time:
     D:3: 1948 daAuts
     D:4: 1382 daAuts
     D:1: 1200 daAuts
     D:2: 699 daAuts
     D:5: 167 daAuts
